 Dungeon Crawl Stone Soup version 0.25-a0-306-g3faca94807 (webtiles) character file.

Game seed: 18242778606913998254, levelgen mode: deterministic

62 qipqqq the Ducker (level 3, -1/15 HPs)
             Began as a Felid Earth Elementalist on Dec 21, 2019.
             Slain by Sigmund
             ... wielding a cursed -2 scythe
              (16 damage)
             ... on level 2 of the Dungeon.
             The game lasted 00:02:57 (1656 turns).

qipqqq the Ducker (Felid Earth Elementalist)        Turns: 1656, Time: 00:02:57

Health: -1/15      AC:  1    Str:  5    XL:     3   Next: 85%
Magic:  7/7        EV: 19    Int: 16    God:
Gold:   132        SH:  0    Dex: 16    Spells: 6/7 levels left
                                        Lives:  0   Deaths: 0

rFire    . . .     SeeInvis +     - Unarmed
rCold    . . .     Gourm    .   (shield unavailable)
rNeg     . . .     Faith    .   (armour unavailable)
rPois    .         Spirit   .   (helmet unavailable)
rElec    .         Reflect  .   (cloak unavailable)
rCorr    .         Harm     .   (gloves unavailable)
MR       .....                  (boots unavailable)
Stlth    ++........             (no amulet)
HPRegen  0.05/turn              g - ring of attention (curse)
MPRegen  0.10/turn              (no ring)

@: invisible, quick
A: very small, no armour, no weapons or thrown items, stealth, claws 1, fangs 3,
see invisible, carnivore, speed 1, shaggy fur 1, slow metabolism 1, sharp paws
a: no special abilities


You were on level 2 of the Dungeon.
You were completely stuffed.

You visited 1 branch of the dungeon, and saw 3 of its levels.

You collected 132 gold pieces.

Inventory:

Missiles
 b - 47 stones
Jewellery
 g - a cursed ring of attention (left paw)
Scrolls
 h - a scroll of remove curse {unknown}
 i - 2 scrolls of teleportation
 j - a scroll of immolation {unknown}
Potions
 e - a potion of lignification {unknown}
 f - 2 potions of curing {unknown}
Comestibles
 a - 4 chunks of flesh
 c - 4 rations


   Skills:
 + Level 1.1 Fighting
 * Level 3.6 Dodging
 - Level 2.6 Stealth
 + Level 1.0 Unarmed Combat
 + Level 2.5 Spellcasting
   Level 1.1 Transmutations
 + Level 3.1 Earth Magic


You had 6 spell levels left.
You knew the following spells:

 Your Spells              Type           Power        Failure   Level  Hunger
a - Sandblast             Erth           ##....       5%          1    #......

Your spell library contained the following spells:

 Spells                   Type           Power        Failure   Level  Hunger
 Passwall                 Tmut/Erth      #.......     12%         2    ##.....
 Stone Arrow              Conj/Erth      #.....       30%         3    ###....
 Petrify                  Tmut/Erth      #.......     63%         4    #####..
 Lee's Rapid Deconstruct  Erth           ##........   83%         5    ######.


Dungeon Overview and Level Annotations

Branches:
Dungeon (3/15)

Altars:

Annotations:
D:2 Sigmund


Innate Abilities, Weirdness & Mutations

You cannot wear armour.
You are incapable of wielding weapons or throwing items.
Your paws allow you to move quietly. (Stealth)
You have sharp claws.
You have razor-sharp teeth.
You have supernaturally acute eyesight. (SInv)
You are carnivorous and can eat meat at any time.
You cover ground quickly.
You are covered in fur. (AC +1)
You have a slow metabolism.
Your sharp claws are effective at attacking unaware monsters.


Message History

Things that are here:
a +0 club; a goblin skeleton You now have 132 gold pieces (gained 13).
HP restored.
Key pressed, stopping explore.
Sigmund the Dreaded comes into view.
He is wielding a -2 scythe.
Sigmund is nearby!
Unknown command.
Sigmund is nearby!
Unknown command.
Unknown command.
Unknown command.
You aren't carrying any items that you can evoke.
Unknown command.
Okay, then.
Okay, then.
You fade into invisibility!
Sigmund hits you from afar with a cursed -2 scythe!
Ouch! That really hurt!
You die...

...##........#........[#
...##...##############.#
.........# #.# ...#####.#
#.# ...# #.# #.# ##.# #.#
##.# #.# #.# .. .. ##.#
#.# #####@##### ...# #.#
#..@....... ...# #.#
#.###.##### ...# #.#
#.#..... ..## #.#..# .#
..# #.#..##.# ..#
#.#.....# ..#####
#.#..##.### ......#
#.........#
#####.###########.########


You could see Sigmund.

Vanquished Creatures
  2 adders (D:2)
  3 giant cockroaches
  6 goblins
  9 hobgoblins
  2 jackals (D:1)
  6 bats
  2 frilled lizards (D:2)
  4 kobolds (D:1)
  6 rats
40 creatures vanquished.

Notes
Turn   | Place    | Note
-------+----------+-------------------------------------------
     0 | D:1      | qipqqq the Felid Earth Elementalist began the quest for the
                  | Orb.
     0 | D:1      | Reached XP level 1. HP: 7/7 MP: 4/4
   125 | D:1      | Reached XP level 2. HP: 7/11 MP: 4/6
   577 | D:2      | Reached XP level 3. HP: 15/15 MP: 0/7
  1134 | D:1      | Reached skill level 1 in Fighting
  1307 | D:2      | Reached skill level 1 in Unarmed Combat
  1655 | D:2      | Noticed Sigmund
  1656 | D:2      | Slain by Sigmund

Levels and vault maps discovered:
D:1:      minmay_arrival_diagonal_passages, layout_basic
D:2:      layout_basic, uniq_sigmund
D:3:      layout_basic, minivault_24, minmay_fountain_box

Skill      XL: |  1  2  3 |
---------------+----------+-----
Dodging        | 3 |  3.6
Earth Magic    | 3 |  3.1
Fighting       | 1 |  1.1
Unarmed Combat | 1 |  1.0
Stealth        | |  2.6
Spellcasting   | |  2.5
Transmutations | |  1.1

Action                   || total
-------------------------++-------
Melee: Unarmed           ||    54
       Bite              ||     2
 Cast: Sandblast         ||    46
  Use: Scroll            ||     2
       Potion            ||     1
 Stab: Sleeping          ||     3
  Eat: Chunk             ||     9
Armor: Skin              ||     3
Dodge: Dodged            ||    70

Table legend:
 A = Non-vault XP
 B = Vault XP
 C = Vault XP percentage of total XP
 D = Non-vault monster count
 E = Vault monster count
 F = Vault count percentage of total count
                 A         B        C        D         E       F
            +---------+---------+-------+---------+---------+-------
      Total |      89 |       0 |   0.0 |      40 |       0 |   0.0
            +---------+---------+-------+---------+---------+-------
        D:1 |      47 |       0 |   0.0 |      27 |       0 |   0.0
        D:2 |      42 |       0 |   0.0 |      13 |       0 |   0.0
            +---------+---------+-------+---------+---------+-------
